 Dungeon Sprint DCSS version 0.28.0-1-gb440e238dd (webtiles) character file.

Game seed: 4978785182176147726

434 cbfl8 the Fighter (level 6, -8/74 HPs)
             Began as a Minotaur Berserker on Feb 27, 2022.
             Was a Believer of Trog.
             Mangled by Sonja (18 damage)
             ... in the Dungeon (Sprint I: "Red Sonja").
             The game lasted 00:01:58 (882 turns).

cbfl8 the Fighter (Minotaur Berserker)               Turns: 882, Time: 00:01:59

Health: -8/74      AC:  6    Str: 24    XL:     6   Next: 67%
Magic:  5/5        EV: 12    Int:  6    God:    Trog [**....]
Gold:   297        SH:  0    Dex:  9    Spells: 5/5 levels left

rFire   . . .      SeeInvis .   c - +3 scythe (venom)
rCold   . . .      Faith    .   (shield currently unavailable)
rNeg    . . .      Spirit   .   j - +0 ring mail
rPois   .          Reflect  .   (helmet restricted)
rElec   .          Harm     .   (no cloak)
rCorr   .          Rampage  .   (no gloves)
Will    .....      NoTele   +   (no boots)
Stlth   ..........              (no amulet)
HPRegen 0.22/turn               (no ring)
MPRegen 0.09/turn               (no ring)

@: no status effects
A: horns 2, retaliatory headbutt, clever 1, robust 1, noise suppression
a: Renounce Religion, Berserk, Trog's Hand


You were in the Dungeon.
You worshipped Trog.
Trog was pleased with you.
You visited 1 branch You collected 297 gold pieces.

Inventory:

Hand Weapons
 a - a +0 hand axe
 c - a +3 scythe of venom (weapon)
 i - a +0 dagger of freezing
 k - a +0 giant club
Armour
 b - a +0 animal skin
 j - a +0 ring mail (worn)
Wands
 d - a wand of flame (5)
Scrolls
 h - a scroll of blinking
 l - a scroll of identify {unknown}
Potions
 e - a potion of haste
 f - 2 potions of magic


   Skills:
 + Level 11.1 Fighting
 + Level 11.0(11.1) Axes
 + Level 1.9(7.2) Polearms
 + Level 6.9 Armour
 + Level 5.5 Dodging


You had 5 spell levels left.
You didn't know any spells.
Your spell library was empty.

Dungeon Overview and Level Annotations

Branches:
Dungeon (1/1)

Altars:
Cheibriados
Dithmenos
Elyvilon
Fedhas
Gozag
Hepliaklqana
Kikubaaqudgha
Nemelex Xobeh
Okawaru
Qazlal
Ru
Sif Muna
Trog
Uskayaw
Vehumet
Wu Jian
Yredelemnul
Zin
The Shining One

Shops:
D (

Annotations:
D Sonja


Innate Abilities, Weirdness & Mutations

You have a pair of horns on your head.
You reflexively headbutt those who attack you in melee.
Your mind is acute. (Int +2)
You are robust. (+10% HP)
You passively dampen the noise of your surroundings.


Message History

There is a bloodstained altar of Trog here.
There is a blossoming altar of Fedhas here.
There is a stormy altar of Qazlal here.
There is a hazy altar of Hepliaklqana here.
There is a hide-covered altar of Uskayaw here.
There is an entrance to Imunafa's Antique Weapon Emporium here.
There is a bloodstained altar of Trog here.
You offer a prayer to Trog.
There is an entrance to Imunafa's Antique Weapon Emporium here.
There is an open door, spattered with blood here.
You see here a yak corpse.
You open the door.
Sonja, the Graceful Assassin comes into view.
She is wielding a +2 dagger of distortion and quivering curare-tipped darts.
Sonja shouts!
Sonja throws a curare-tipped dart.
The curare-tipped dart completely misses you.
Found 108 gold pieces.
There is an open door here.
You miss Sonja. Your headbutt misses Sonja.
Sonja hits you with a +2 dagger of distortion.
Space warps around you.
Sonja hits you with a +2 dagger of distortion.
Space warps around you.
Sonja hits you with a +2 dagger of distortion. x2
Space warps horribly around you!! Sonja barely misses you. Sonja misses you.
It was a potion of mutation.
You feel extremely strange.
You feel clever.
You feel your surroundings grow quieter.
You feel robust.
Sonja hits you with a +2 dagger of distortion.
* * * LOW HITPOINT WARNING * * *
Sonja hits you with a +2 dagger of distortion.
* * * LOW HITPOINT WARNING * * *
Sonja barely misses you.
You hit Sonja.
Sonja is lightly wounded.
Sonja hits you with a +2 dagger of distortion.
* * * LOW HITPOINT WARNING * * *
Space warps horribly around you!!
You die...

#<.#..'..#..'..#
#..÷..#..'[.#..+
#..#####'#####'#
#..####..#...#.#
#..#__####..##[#
#..#_____##'#_.+
#⌠⌠#_.∩...†..._#
####_..__##_.#+#
#_____###@#
####### #K# $.$
#$.$# ##.## #+#


You could see Sonja.

Vanquished Creatures
  Sigmund (D)
  A yak (D)
  An ogre (D)
  A jelly (D)
  Ijyb (D)
5 creatures vanquished.

Notes
Turn   | Place    | Note
-------+----------+-------------------------------------------
     0 | D        | cbfl8 the Minotaur Berserker began the quest for the Orb.
     0 | D        | Reached XP level 1. HP: 19/19 MP: 0/0
     4 | D        | Noticed Ijyb
    14 | D        | Killed Ijyb
    15 | D        | Reached skill level 5 in Fighting
    15 | D        | Reached skill level 5 in Axes
    15 | D        | Reached XP level 2. HP: 29/30 MP: 1/1
   122 | D        | Noticed an ogre
   127 | D        | Killed an ogre
   128 | D        | Reached XP level 3. HP: 17/40 MP: 2/2
   128 | D        | Reached XP level 4. HP: 21/48 MP: 3/3
   401 | D        | Noticed Sigmund
   413 | D        | Killed Sigmund
   413 | D        | Reached ** piety under Trog
   414 | D        | Reached skill level 5 in Armour
   414 | D        | Reached XP level 5. HP: 23/58 MP: 4/4
   754 | D        | Found an ornate altar of the Wu Jian Council.
   754 | D        | Found a shimmering blue altar of Sif Muna.
   756 | D        | Found a radiant altar of Vehumet.
   760 | D        | Reached skill level 10 in Fighting
   760 | D        | Reached skill level 10 in Axes
   760 | D        | Reached skill level 5 in Dodging
   760 | D        | Reached XP level 6. HP: 66/66 MP: 5/5
   785 | D        | Found Imunafa's Antique Weapon Emporium.
   785 | D        | Found an ancient bone altar of Kikubaaqudgha.
   785 | D        | Found a hazy altar of Hepliaklqana.
   785 | D        | Found a stormy altar of Qazlal.
   785 | D        | Found a hide-covered altar of Uskayaw.
   785 | D        | Found a blossoming altar of Fedhas.
   785 | D        | Found a bloodstained altar of Trog.
   785 | D        | Found an iron altar of Okawaru.
   785 | D        | Found a basalt altar of Yredelemnul.
   785 | D        | Found a glowing golden altar of the Shining One.
   785 | D        | Found a snail-covered altar of Cheibriados.
   785 | D        | Found a sacrificial altar of Ru.
   785 | D        | Found a glowing silver altar of Zin.
   785 | D        | Found a shadowy altar of Dithmenos.
   785 | D        | Found a white marble altar of Elyvilon.
   785 | D        | Noticed a yak
   788 | D        | Killed a yak
   789 | D        | Reached skill level 1 in Polearms
   789 | D        | Found an opulent altar of Gozag.
   790 | D        | Found a sparkling altar of Nemelex Xobeh.
   878 | D        | Noticed Sonja
   881 | D        | Gained mutation: Your mind is acute. (Int +2) [potion of
                  | mutation]
   881 | D        | Gained mutation: You passively dampen the noise of your
                  | surroundings. [potion of mutation]
   881 | D        | Gained mutation: You are robust. (+10% HP) [potion of
                  | mutation]
   882 | D        | Mangled by Sonja

Illustrated notes

Levels and vault maps discovered:
D:        dungeon_sprint_1 [red_sonja_temple_1, red_sonja_temple_small_1]

Skill      XL: |  1  2  3  4  5  6 |
---------------+-------------------+-----
Fighting       | 5 7 9 10 11 | 11.1
Axes           | 5 7 9 10 11 | 11.0
Armour         | 3 4 5 6 |  6.9
Dodging        | 3 4 5 |  5.5
Polearms       | 1 |  1.9

Action                   |  1- 3 |  4- 6 || total
-------------------------+-------+-------++-------
Melee: Hand axe          |    10 |    10 ||    20
       Headbutt          |     3 |     4 ||     7
       Scythe            |       |     6 ||     6
  Use: Potion            |     2 |     2 ||     4
Armor: Ring mail         |       |     3 ||     3
Dodge: Dodged            |     5 |     9 ||    14
